Cogmind - Beta 16 @@@ ROGUE MODE // 2026.01.17 @ 13:48:12 Player: Singularius Result: Destroyed by S-27 Virus with Autogun Performance ------------- Evolutions (6) 3000 Regions Visited (9) 1800 Robots Destroyed (66) 330 Value Destroyed (3001) 3001 Prototype IDs (7) 140 Alien Tech Used (1) 200 Bonus (800) 800 TOTAL SCORE: 9271 Bonus ------- Registered with UFD 300 Met Optimus in HQ 500 Cogmind --------- Core Integrity 0/1150 Matter 176/300 Energy 80/100 System Corruption 26% Temperature Cool (12) Movement Core (50) Location -4/Factory Parts ------- > --- POWER (3) -------- (None) > --- PROPULSION (5) --- (None) > --- UTILITY (8) ------ Long-range Sensor Array > --- WEAPON (3) ------- (None) > --- INVENTORY (5) ---- Advanced Cooling System Large Storage Unit Railgun Force Lance Peak State ------------ > --- POWER ------------ Micro Fission Core Light Antimatter Reactor Light Antimatter Reactor > --- PROPULSION ------- Advanced Medium Treads Myomer Leg Armored Huge Wheel Centrium Wheel > --- UTILITY ---------- Advanced Cooling System High-capacity Storage Unit Advanced Terrain Scan Processor Core Analyzer Advanced Recoil Stabilizer Improved Kinecellerator Improved Hardlight Generator A0-MCA's Component Scanner > --- WEAPON ----------- Advanced Plasma Cannon Coil Gun Railgun > --- INVENTORY -------- Improved Deuterium Engine Improved Deuterium Engine Light Antimatter Reactor Light Antimatter Reactor Light Quantum Reactor Light Quantum Reactor Medium Treads VSS Leg Myomer Leg Advanced Heat Sink Advanced Cooling System Advanced Coolant Injector Large Storage Unit Improved Terrain Scanner Improved Weapon Shielding Thermal Shield High-powered Tractor Beam Wave Gun Variable Charge Gun Heavy Shock Bomb Launcher [Rating: 118] Favorites ----------- Power Improved Deuterium Engine Engine Improved Deuterium Engine Power Core Micro Fission Core Reactor Light Antimatter Reactor Propulsion Light Treads Treads Light Treads Leg VSS Leg Wheel Armored Huge Wheel Flight Unit Impulse Thruster Utility Large Storage Unit Device Seismic Detector Storage Large Storage Unit Processor Advanced Terrain Scan Processor Hackware Experimental Hacking Suite Protection Medium Armor Plating Weapon KE Penetrator Energy Gun Small Laser Energy Cannon Proton Cannon Ballistic Gun KE Penetrator Ballistic Cannon Enhanced Gauss Cannon Piercing Weapon Force Lance Build | -11 -10 -10 -7 -5 -5 -5 -4 -4 -4 ------- Run | Yrd Mat Sub Scr Fac Upp Upp Fac Was Fac Slots Evolved 12 | . . . . 10 . . 2 . . Power 2 | . . . . 1 . . 1 . . Propulsion 3 | . . . . 3 . . . . . Utility 6 | . . . . 5 . . 1 . . Weapon 1 | . . . . 1 . . . . . Parts Attached 82 | 7 8 1 3 19 2 1 23 8 10 Power 15 | 1 2 . 1 2 . . 6 2 1 Engine 5 | 1 2 . 1 1 . . . . . Core 2 | . . . . 1 . . 1 . . Reactor 8 | . . . . . . . 5 2 1 Propulsion 19 | 2 . . 1 5 . . 6 3 2 Treads 7 | 2 . . 1 2 . . 2 . . Leg 6 | . . . . 2 . . 1 3 . Wheel 4 | . . . . 1 . . 3 . . Hover . | . . . . . . . . . . Flight 2 | . . . . . . . . . 2 Utility 27 | 2 2 . . 8 . 1 6 2 6 Device 16 | 1 1 . . 3 . . 4 2 5 Storage 3 | 1 1 . . . . 1 . . . Processor 3 | . . . . 3 . . . . . Hackware 1 | . . . . . . . . . 1 Protection 4 | . . . . 2 . . 2 . . Artifact . | . . . . . . . . . . Weapon 21 | 2 4 1 1 4 2 . 5 1 1 Energy Gun 6 | 1 2 . . . . . 3 . . Energy Cannon 3 | . . . 1 . 1 . . 1 . Ballistic Gun 9 | 1 2 . . 3 1 . 2 . . Ballistic Cannon 2 | . . 1 . 1 . . . . . Launcher . | . . . . . . . . . . Special Weapon . | . . . . . . . . . . Impact Weapon . | . . . . . . . . . . Slashing Weapon . | . . . . . . . . . . Piercing Weapon 1 | . . . . . . . . . 1 Special Melee Weapon . | . . . . . . . . . . Unidentified Prototypes 3 | . 1 . . . . 1 . . 1 Parts Lost 45 | . . . . 4 1 . 24 8 8 Power 8 | . . . . . . . 5 1 2 Propulsion 14 | . . . . 2 . . 6 4 2 Utility 14 | . . . . 1 . . 7 2 4 Weapon 9 | . . . . 1 1 . 6 1 . Highest Loss Streak 12 | . . . . 2 1 . 12 7 8 To Critical Strikes . | . . . . . . . . . . Average Backups 13 | 3 10 15 15 12 14 15 18 8 4 Power 1 | . 2 2 2 1 1 1 3 2 1 Propulsion 2 | 1 2 3 2 1 . 1 3 1 . Utility 6 | . 3 7 7 6 8 8 7 4 2 Weapon 3 | . 2 3 3 3 4 5 3 1 1 Tool/Special . | . . . . . . . . . . Unused Backups 25 | . 1 2 8 7 2 . . 3 2 Power 4 | . . . 3 1 . . . . . Propulsion 4 | . . 1 2 1 . . . . . Utility 9 | . . . 3 2 1 . . 2 1 Weapon 8 | . 1 1 . 3 1 . . 1 1 Tool/Special . | . . . . . . . . . . Average Slot Usage (%) 87 | . 99 100 100 90 93 93 90 33 16 Engine 8 | . 14 14 14 6 5 5 1 . . Core 1 | . . . . 3 5 5 5 2 . Treads 17 | . 27 28 28 18 5 5 5 1 . Leg 2 | . . . . . 11 11 5 6 . Wheel 1 | . . . . . 4 5 9 . . Device 13 | . 14 14 14 14 9 10 15 6 7 Storage 8 | . 14 14 14 5 5 5 5 2 . Processor 6 | . . . . 15 17 17 15 6 . Protection 1 | . . . . 2 6 5 3 . . Energy Gun 2 | . 13 . . . . . 2 2 . Energy Cannon 3 | . . . 8 1 . . 3 . . Ballistic Gun 11 | . 14 16 14 9 14 16 8 . . Ballistic Cannon 3 | . . 11 5 4 1 . . . . Peak Build Rating 118 | 7 13 13 21 78 80 80 118 108 59 Average Rating 42 | 5 8 12 16 64 78 78 100 37 25 On Entrance 36 | . 7 13 12 21 75 79 79 76 2 Avg Prop Armor Cover (%) 9 | . . . . 11 9 10 9 5 . Naked Turns 175 | . . . . . . . . 93 82 Heaviest Build 114 | 12 32 32 42 73 69 83 114 85 23 Greatest Support 102 | 40 40 40 43 83 28 28 58 102 22 Greatest Overweight (x) 6 | . 1 . 1 2 2 2 6 2 1 Average Overweight (x) . | . . . . . 2 2 2 . . Largest Inventory Capacity 20 | 8 15 15 15 15 15 20 20 20 5 Average Capacity 14 | 7 13 15 15 15 15 18 20 11 5 Most Carried 20 | 5 15 15 15 15 15 16 20 17 5 Average Carried 13 | 3 10 15 14 13 14 15 18 8 4 Final Capacity 20 | 8 15 15 15 15 15 20 20 5 5 Final Carried 15 | 5 15 15 15 15 15 15 15 5 4 Class Distribution -------------------- 57% | Mutant 17% | Derelict-Skirmisher 14% | Gunner 3% | Scavenger-Gunner Dominant Class ---------------- Mutant | -10/Materials Mutant | -10/Subcaves Mutant | -7/Scraptown Derelict-Skirmisher | -5/Factory Gunner | -5/Upper Caves Gunner | -5/Upper Caves Gunner | -4/Factory Mutant | -4/Waste Mutant | -4/Factory Resources | -11 -10 -10 -7 -5 -5 -5 -4 -4 -4 ----------- Run | Yrd Mat Sub Scr Fac Upp Upp Fac Was Fac Matter Collected 2736 | 221 265 35 65 795 427 49 714 . 165 Remotely . | . . . . . . . . . . Salvage Created 3086 | 23 447 52 . 800 286 . 1478 . . Parts 162 | 4 29 4 . 45 8 . 72 . . Haulers Intercepted 1 | . 1 . . . . . . . . Recyclers Shooed 3 | . . . . 2 . . 1 . . Parts Field Recycled . | . . . . . . . . . . Retrieved Matter . | . . . . . . . . . . Parts Self-Destructed 21 | . . 4 . . 17 . . . . Prevented . | . . . . . . . . . . Parts Restored . | . . . . . . . . . . Kills | -11 -10 -10 -7 -5 -5 -5 -4 -4 -4 ------- Run | Yrd Mat Sub Scr Fac Upp Upp Fac Was Fac Combat Hostiles Destroyed 56 | . 13 3 . 13 7 . 20 . . Guns 36 | . 13 1 . 7 4 . 11 . . Cannons 17 | . . 2 . 6 2 . 7 . . Classes Destroyed 12 | 1 3 1 . 5 1 . 1 . . Worker 3 | . . . . 1 . . 2 . . Builder 1 | . . . . . . . 1 . . Tunneler 2 | 1 . . . . . . 1 . . Hauler 1 | . 1 . . . . . . . . Recycler 1 | . . . . 1 . . . . . Watcher 2 | . . . . 1 . . 1 . . Swarmer 13 | . 6 2 . . 4 . 1 . . Grunt 21 | . 7 . . 4 2 . 8 . . Sentry 3 | . . . . . 1 . 2 . . Hunter 5 | . . . . 3 . . 2 . . Programmer 13 | . . . . 6 . . 7 . . Subdweller 1 | . . 1 . . . . . . . Best Kill Streak 4 | 1 4 2 . 4 3 . 3 . . Combat Bots Only 4 | . 3 2 . 4 3 . 3 . . Max Kills in Single Turn 2 | 1 1 1 . 1 2 . 2 . . Gunslinging 1 | . . . . . 1 . . . . Exploded . | . . . . . . . . . . Melee . | . . . . . . . . . . Uniques/NPCs Destroyed . | . . . . . . . . . . Combat | -11 -10 -10 -7 -5 -5 -5 -4 -4 -4 -------- Run | Yrd Mat Sub Scr Fac Upp Upp Fac Was Fac Hostile Shots Fired 596 | . 61 41 . 80 26 . 197 9 182 Missed 230 | . 17 17 . 25 7 . 52 1 111 Hits 366 | . 44 24 . 55 19 . 145 8 71 Melee 8 | . . . . . . . . 8 . Projectile 358 | . 44 24 . 55 19 . 145 . 71 AOE 3 | . . . . . . . 3 . . Critical Strikes 17 | . . 1 . 1 2 . 7 4 2 Damage Taken 6785 | . 514 170 . 1182 376 . 2956 373 1214 Core 1433 | . 151 14 . 76 38 . 279 238 637 Absorbed by Shields 486 | . . . . . . . 486 . . Redirected to Shielding 132 | . . . . . . . 132 . . Ignored by Resistances 143 | . . . . . . . 143 . . Regen/Repaired (Parts) 221 | . 56 . . 165 . . . . . Core Remaining (%) 74 | 100 . . 34 . . 88 . . . Volleys Fired 182 | 1 36 7 . 44 16 1 71 6 . Largest 3 | 2 2 2 . 3 3 1 3 3 . Hottest 276 | 60 80 56 . 155 113 98 244 276 . Shots Fired 447 | 2 72 14 . 118 26 1 197 17 . Gun 319 | 2 72 7 . 73 14 . 140 11 . Cannon 128 | . . 7 . 45 12 1 57 6 . Launcher . | . . . . . . . . . . Special . | . . . . . . . . . . Kinetic 272 | 1 29 14 . 117 17 . 94 . . Thermal 166 | 1 43 . . . 9 1 95 17 . Explosive . | . . . . . . . . . . Electromagnetic 9 | . . . . 1 . . 8 . . Robot Hit Streak 14 | 1 11 7 . 9 10 . 14 4 . Robot Miss Streak 5 | . 2 2 . 3 2 . 5 2 . Penetration Max 1 | . . . . 1 . . 1 . . Secondary Targets 1 | . . . . . 1 . . . . Max Gunslinging Chain 1 | . . . . . 1 . . . . Shots Hit Robots 278 | 1 54 9 . 71 17 . 115 11 . Core Hits 117 | 1 23 4 . 30 8 . 50 1 . Critical Kills 2 | . . . . 1 . . 1 . . Critical Parts Destroyed 2 | . . . . 1 . . 1 . . Critical Strikes 7 | . . . . 5 . . 2 . . Meltdown 1 | . . . . . . . 1 . . Destroy 3 | . . . . 2 . . 1 . . Blast 3 | . . . . 3 . . . . . Melee Attacks 1 | . . . . . . . . . 1 Impact . | . . . . . . . . . . Slashing . | . . . . . . . . . . Piercing 1 | . . . . . . . . . 1 Sneak Attacks . | . . . . . . . . . . Combat Hostiles . | . . . . . . . . . . Follow-up Attacks . | . . . . . . . . . . Damage Inflicted 7445 | 12 628 149 . 2123 537 . 3562 434 . Guns 4696 | 12 628 65 . 1295 219 . 2306 171 . Cannons 2737 | . . 84 . 828 306 . 1256 263 . Explosions . | . . . . . . . . . . Melee . | . . . . . . . . . . Ramming 12 | . . . . . 12 . . . . Kinetic 4284 | . 263 149 . 2067 258 . 1547 . . Thermal 2978 | 12 365 . . . 267 . 1900 434 . Explosive . | . . . . . . . . . . Electromagnetic 171 | . . . . 56 . . 115 . . Impact . | . . . . . . . . . . Slashing . | . . . . . . . . . . Piercing . | . . . . . . . . . . Highest Corruption 26 | . . . . 4 4 4 9 26 26 Average Corruption 8 | . . . . 2 4 4 3 20 26 Corruption Purged . | . . . . . . . . . . Corruption Blocked . | . . . . . . . . . . Effects 107 | . . . . 21 16 6 10 17 37 Message Errors 26 | . . . . 6 5 1 3 2 9 Matter Fused 23 | . . . . 5 2 2 2 3 9 Heat Flow Errors 11 | . . . . 4 . . . 1 6 Energy Discharges 16 | . . . . 1 5 2 3 2 3 Parts Rejected 2 | . . . . . 1 . . 1 . Parts Fused 1 | . . . . . . . . . 1 Data Loss (minor) 8 | . . . . 4 2 1 . . 1 Data Loss (major) 3 | . . . . . . . . 1 2 Misfires 1 | . . . . . . . 1 . . Alerts 3 | . . . . 1 1 . . . 1 Misdirections 12 | . . . . . . . . 7 5 Weapon Failures 1 | . . . . . . . 1 . . Overload Shots . | . . . . . . . . . . Overflow Damage 108 | . . . . 65 . . 43 . . Projectiles 74 | . . . . 31 . . 43 . . Explosions 34 | . . . . 34 . . . . . Melee . | . . . . . . . . . . Knockbacks 10 | . . 3 . 7 . . . . . Impact . | . . . . . . . . . . Kinetic 9 | . . 2 . 7 . . . . . Secondary 1 | . . 1 . . . . . . . Self-Inflicted Damage 103 | . . . . 98 5 . . . . Shots 1 | . . . . 1 . . . . . Rammed 2 | . . . . . 2 . . . . Targets Rammed 2 | . . . . . 2 . . . . Kicked . | . . . . . . . . . . Crushed . | . . . . . . . . . . Highest Temperature 517 | . 90 . . 319 489 58 517 413 236 Average Temperature 100 | . 44 . . 99 181 35 82 182 89 Received Heat Transfer 903 | . 156 78 . 108 81 . 323 . 157 Effects 10 | . . . . . 5 . 5 . . Shutdowns 3 | . . . . . 2 . 1 . . Energy Bleed 1 | . . . . . . . 1 . . Interference 3 | . . . . . 2 . 1 . . Short Circuit 1 | . . . . . 1 . . . . Damage (major) 2 | . . . . . . . 2 . . Siege Activations . | . . . . . . . . . . Martial Activations . | . . . . . . . . . . Shielding Activations . | . . . . . . . . . . Robots Disrupted . | . . . . . . . . . . Combat Hostiles . | . . . . . . . . . . Robots Corrupted . | . . . . . . . . . . Combat Hostiles . | . . . . . . . . . . Parts Fried . | . . . . . . . . . . Impact Corruptions . | . . . . . . . . . . Robots Melted 3 | . . . . . 1 . 2 . . Combat Hostiles 3 | . . . . . 1 . 2 . . Parts Melted 14 | . 1 . . . 2 . 11 . . Heat Transferred 4382 | 25 825 . . . 400 . 2651 481 . Parts Sabotaged . | . . . . . . . . . . Parts Stolen . | . . . . . . . . . . Parts Stripped . | . . . . . . . . . . Power Chain Reactions . | . . . . . . . . . . Alert | -11 -10 -10 -7 -5 -5 -5 -4 -4 -4 ------- Run | Yrd Mat Sub Scr Fac Upp Upp Fac Was Fac Maximum Alert Level 1 | . . . . 1 . . 1 . 1 Low Security (%) 85 | 100 100 . . 92 . . 40 100 99 Level 1 14 | . . . . 7 . . 59 . . Level 2 . | . . . . . . . . . . Level 3 . | . . . . . . . . . . Level 4 . | . . . . . . . . . . Level 5 . | . . . . . . . . . . High Security . | . . . . . . . . . . Max Security . | . . . . . . . . . . Peak Influence 385 | 5 94 . . 225 . . 385 109 201 Initial 109 | . . . . . . . . 109 . Average 84 | . 37 . . 74 . . 216 29 40 Influence Increases 2557 | 5 357 145 . 643 185 . 836 2 384 Destroy 0b10 Robot/C 1100 | . 260 40 . 260 140 . 400 . . Destroy 0b10 Robot/NC 50 | 5 5 . . 15 . . 25 . . Destroy Leader 226 | . 62 . . 62 . . 102 . . Successful Hack 63 | . . . . 27 . . 14 . 22 Disable Machine 135 | . . . . 105 . . 30 . . Destroy Structure 338 | . . . . 174 . . 160 2 2 Partial Spotted 60 | . 15 . . . . . 30 . 15 Lose Combat Pursuer 585 | . 15 105 . . 45 . 75 . 345 Influence Decreases 2437 | 5 311 106 85 436 392 . 524 314 264 Entered New Map 389 | . . 23 85 . 78 . . 203 . Time Decay 1627 | 5 311 83 . 396 304 . 304 40 184 Lost Part 401 | . . . . 40 10 . 220 51 80 Lost Ally 20 | . . . . . . . . 20 . Squads Dispatched 20 | . 3 . . 5 . . 7 . 5 Investigation 2 | . . . . 1 . . . . 1 Extermination 7 | . . . . 3 . . 2 . 2 Reinforcement 8 | . 3 . . 1 . . 2 . 2 Assault . | . . . . . . . . . . Garrison 3 | . . . . . . . 3 . . Intercept . | . . . . . . . . . . Searches Triggered . | . . . . . . . . . . Construction Impeded 2 | . . . . 1 . . 1 . . Haulers Reinforced . | . . . . . . . . . . Active Scanning Responses . | . . . . . . . . . . Cargo Convoy Interrupts . | . . . . . . . . . . Stealth | -11 -10 -10 -7 -5 -5 -5 -4 -4 -4 --------- Run | Yrd Mat Sub Scr Fac Upp Upp Fac Was Fac Distress Signals 5 | . 1 . . . . . 1 . 3 Communications Jammed 4 | . . . . 4 . . . . . Distress Signals 4 | . . . . 4 . . . . . Times Spotted 146 | . 24 9 . 18 14 . 33 6 42 Peak Tracking Total 15 | . 4 4 . 5 5 . 5 6 15 Tactical Retreats 19 | . 1 3 . . 2 . 3 1 9 Traps | -11 -10 -10 -7 -5 -5 -5 -4 -4 -4 ------- Run | Yrd Mat Sub Scr Fac Upp Upp Fac Was Fac Traps Triggered 7 | . 3 . . 3 . . 1 . . Indirectly . | . . . . . . . . . . Trap Hack Attempts . | . . . . . . . . . . Triggered . | . . . . . . . . . . Disarmed . | . . . . . . . . . . Reprogrammed . | . . . . . . . . . . Reused . | . . . . . . . . . . Traps Extracted . | . . . . . . . . . . Installed . | . . . . . . . . . . Triggered . | . . . . . . . . . . Machines | -11 -10 -10 -7 -5 -5 -5 -4 -4 -4 ---------- Run | Yrd Mat Sub Scr Fac Upp Upp Fac Was Fac Machines Disabled 13 | . . . . 7 3 1 2 . . Max in Single Turn 3 | . . . . 3 2 1 1 . . Machines Repaired . | . . . . . . . . . . Machines Dismantled . | . . . . . . . . . . Machines Sabotaged . | . . . . . . . . . . Overloaded Fab Kills . | . . . . . . . . . . Hacking | -11 -10 -10 -7 -5 -5 -5 -4 -4 -4 --------- Run | Yrd Mat Sub Scr Fac Upp Upp Fac Was Fac Machines Accessed 27 | . 6 . 3 6 1 1 5 . 5 Terminals 14 | . 4 . . 2 . . 4 . 4 Fabricators 1 | . . . . . . . 1 . . Repair Stations 3 | . 1 . . 2 . . . . . Recycling Units 3 | . 1 . . 1 . . . . 1 Scanalyzers 1 | . . . . 1 . . . . . Garrison Access . | . . . . . . . . . . Total Hacks 60 | . 13 . 15 10 1 1 9 . 11 Successful 38 | . 7 . 15 6 1 1 4 . 4 Failed 22 | . 6 . . 4 . . 5 . 7 Catastrophic 5 | . . . . 1 . . 2 . 2 Database Lockouts . | . . . . . . . . . . Manual 15 | . 7 . . 2 . . 4 . 2 Terminals 27 | . 8 . . 3 . . 8 . 8 Fabricators 1 | . . . . . . . 1 . . Repair Stations 9 | . 4 . . 5 . . . . . Recycling Units 5 | . 1 . . 1 . . . . 3 Scanalyzers 1 | . . . . 1 . . . . . Garrison Access . | . . . . . . . . . . Terminal Hacks 25 | . 1 . 15 1 1 1 2 . 4 Record 18 | . . . 15 . . 1 . . 2 Robot Analysis 1 | . . . . . . . . . 1 Prototype ID Bank 1 | . . . . . . . 1 . . Open Door 1 | . . . . . 1 . . . . Alert Level 2 | . 1 . . 1 . . . . . Locate Traps 1 | . . . . . . . 1 . . Registered Prototypes 1 | . . . . . . . . . 1 Fabricator Hacks . | . . . . . . . . . . Repair Station Hacks 5 | . 2 . . 3 . . . . . Scan Component 3 | . 1 . . 2 . . . . . Repair 2 | . 1 . . 1 . . . . . Recycling Unit Hacks 2 | . 1 . . 1 . . . . . Report Inventory 1 | . 1 . . . . . . . . Retrieve Components 1 | . . . . 1 . . . . . Scanalyzer 1 | . . . . 1 . . . . . Retrieve Study 1 | . . . . 1 . . . . . Garrison Access Hacks . | . . . . . . . . . . Unauthorized Hacks 5 | . 3 . . . . . 2 . . Terminals 5 | . 3 . . . . . 2 . . Assimilate 1 | . 1 . . . . . . . . Botnet 4 | . 2 . . . . . 2 . . Fabricators . | . . . . . . . . . . Repair Stations . | . . . . . . . . . . Recycling Units . | . . . . . . . . . . Scanalyzers . | . . . . . . . . . . Garrison Access . | . . . . . . . . . . Data Cores Recovered . | . . . . . . . . . . Used . | . . . . . . . . . . Hacking Detections 15 | . 3 . . 4 . . 4 . 4 Full Trace Events 2 | . . . . 1 . . . . 1 Feedback Events . | . . . . . . . . . . Feedback Blocked . | . . . . . . . . . . Robot Schematics Acquired . | . . . . . . . . . . Robots Built . | . . . . . . . . . . Authchips . | . . . . . . . . . . Time . | . . . . . . . . . . Total Robot Build Rating . | . . . . . . . . . . Part Schematics Acquired . | . . . . . . . . . . Parts Built . | . . . . . . . . . . Authchips . | . . . . . . . . . . Time . | . . . . . . . . . . Total Part Build Rating . | . . . . . . . . . . Part Studies Acquired 1 | . . . . 1 . . . . . Parts Repaired 2 | . 1 . . 1 . . . . . Time 58 | . 26 . . 32 . . . . . Parts Recycled . | . . . . . . . . . . Recycled Matter . | . . . . . . . . . . Retrieved Matter . | . . . . . . . . . . Retrieved Components 10 | . . . . 10 . . . . . Parts Scanalyzed . | . . . . . . . . . . Part Schematics Acquired . | . . . . . . . . . . Parts Damaged . | . . . . . . . . . . Bothacking | -11 -10 -10 -7 -5 -5 -5 -4 -4 -4 ------------ Run | Yrd Mat Sub Scr Fac Upp Upp Fac Was Fac Used RIF Installer . | . . . . . . . . . . Robots Hacked . | . . . . . . . . . . Non-combat . | . . . . . . . . . . Combat . | . . . . . . . . . . Robot Hacks Applied . | . . . . . . . . . . Relay Couplers Released . | . . . . . . . . . . Fabnet Peak Effective % . | . . . . . . . . . . Robots Rewired . | . . . . . . . . . . Allies Hacked . | . . . . . . . . . . Hacks Repelled . | . . . . . . . . . . Allies | -11 -10 -10 -7 -5 -5 -5 -4 -4 -4 -------- Run | Yrd Mat Sub Scr Fac Upp Upp Fac Was Fac Total Allies 1 | . . . . . . . . 1 . Largest Group 1 | . . . . . . . . 1 . Highest-Rated Group 46 | . . . . . . . . 46 . Highest-Rated Ally 46 | . . . . . . . . 46 . Total Orders 3 | . . . . . . . . . 3 EXPLORE 2 | . . . . . . . . . 2 RETURN 1 | . . . . . . . . . 1 Ally Attacks 11 | . . . . . . . . 11 . Total Damage 310 | . . . . . . . . 310 . Kills . | . . . . . . . . . . Allies Corrupted . | . . . . . . . . . . Allies Melted . | . . . . . . . . . . Intel | -11 -10 -10 -7 -5 -5 -5 -4 -4 -4 ------- Run | Yrd Mat Sub Scr Fac Upp Upp Fac Was Fac Active Infowar (turns) 7015 | 56 811 285 2506 1657 570 223 516 95 296 Sensors 2 | . . . . . . . . . 2 Terrain 2940 | . . . . 1536 570 223 516 95 . Seismic 5468 | 56 811 285 2506 1492 38 . . . 280 Cloaking 253 | . . . . . . . . . 253 Jamming 1379 | . . . . 1379 . . . . . Robot Analysis Total 1 | . . . . . . . . . 1 Derelict Logs Recovered 2 | . . . . . 2 . . . . Drone Launches 2 | . . . . . . . . . 2 Drone Recoveries 2 | . . . . . . . . . 2 Exploration | -11 -10 -10 -7 -5 -5 -5 -4 -4 -4 ------------- Run | Yrd Mat Sub Scr Fac Upp Upp Fac Was Fac Turns Passed 8401 | 109 1085 285 2506 1703 718 226 903 211 655 Spaces Moved 5343 | 56 516 161 1331 879 504 166 442 256 1032 Core 571 | 5 . . . . . . . 225 341 Treads 2781 | 51 516 161 1331 709 . . 4 9 . Legs 26 | . . . . . 4 . . 22 . Wheels 1274 | . . . . 170 500 166 438 . . Hover . | . . . . . . . . . . Flight 691 | . . . . . . . . . 691 Fastest Speed 37 | 50 160 160 160 130 130 130 115 50 37 Average Speed 134 | 150 160 160 187 157 131 130 133 66 51 Slowest Speed 270 | 160 240 160 240 250 270 130 232 265 117 Overloaded Moves . | . . . . . . . . . . Propulsion Burnouts . | . . . . . . . . . . Robots Hopped 10 | . . . . . . . . . 10 Potential Cave-ins . | . . . . . . . . . . Cave-ins Triggered . | . . . . . . . . . . Exploration Rate (%) 41 | 4 92 8 82 23 57 16 13 99 22 Regions Visited 9 Branch Regions 4 Pre-discovered Areas 2 | . . . 1 . 1 . . . . Known Exits Taken . | . . . . . . . . . . Unknown Exits Taken 7 | 1 1 1 1 1 1 1 . . . Scrap Searched 13 | . . . 10 . 2 1 . . . Spaces Dug 8 | . . . . 7 . . . . 1 Terrain Destroyed 205 | . . 1 . 91 11 . 100 1 1 Melee 1 | . . . . . . . . . 1 Projectile 119 | . . 1 . 36 11 . 70 1 . AOE 85 | . . . . 55 . . 30 . . Terrain Rammed . | . . . . . . . . . . Walls Destroyed . | . . . . . . . . . . Machines Disabled . | . . . . . . . . . . Actions | -11 -10 -10 -7 -5 -5 -5 -4 -4 -4 --------- Run | Yrd Mat Sub Scr Fac Upp Upp Fac Was Fac Total 6139 | 76 698 175 1356 1098 537 173 599 284 1143 Wait 367 | 8 118 3 . 93 2 1 38 . 104 Move 5316 | 55 515 160 1330 878 503 165 442 255 1013 Hop 9 | . . . . . . . . . 9 Pick Up 75 | 5 10 2 10 23 4 1 13 5 2 Fast Attach 42 | 7 5 . 1 10 1 . 7 3 8 Attach 39 | . 1 . . 13 1 1 14 6 3 Detach 2 | . . . . . . . . 1 1 Swap 60 | . 7 1 2 25 5 4 12 4 . Drop 43 | . 6 2 13 12 3 . 2 3 2 Fire 182 | 1 36 7 . 44 16 1 71 6 . Melee 1 | . . . . . . . . . 1 Ram 3 | . . . . . 2 . . 1 . Kick . | . . . . . . . . . . Crush . | . . . . . . . . . . Escape Stasis . | . . . . . . . . . . Rewire . | . . . . . . . . . . Trap . | . . . . . . . . . . Miscellaneous . | . . . . . . . . . . Route ------- -11/Scrapyard -10/Materials (discovered 5 exits: [*Mat x3] / [*Min] / [*Sub]) -10/Subcaves (discovered 2 exits: [*Rec] / *Scr) -7/Scraptown -5/Factory (discovered 2 exits: *Fac / *Upp) -5/Upper Caves -5/Upper Caves -4/Factory -4/Waste -4/Factory History --------- Turn | Location | Event 30 | -11/Scrapyard | Discovered new exit (range 14) 110 | -11/Scrapyard | Entered Materials 309 | -10/Materials | Build established: Mutant 410 | -10/Materials | Discovered new exit (range 8) 600 | -10/Materials | Repaired Lgt. Treads 701 | -10/Materials | Discovered new exit (range 10) 914 | -10/Materials | Core integrity fell below 50% 984 | -10/Materials | Discovered new exit (range 9) 1105 | -10/Materials | Discovered new exit (range 8) 1188 | -10/Materials | Discovered new exit (range 5) 1195 | -10/Materials | Entered Subcaves 1196 | -10/Subcaves | Approached by a straggling Scientist 1237 | -10/Subcaves | Shifting Twisted Machinery released Battle Cannon 1361 | -10/Subcaves | Shifting Twisted Machinery released Spk. Treads 1370 | -10/Subcaves | Scientist uncovered a shortcut to Scraptown 1480 | -10/Subcaves | Discovered new exit (range 15) 1480 | -10/Subcaves | Entered Scraptown 1737 | -7/Scraptown | Visited TADAMA 1769 | -7/Scraptown | Visited Spacefarers 1913 | -7/Scraptown | Learned location of Extension (-5) 2462 | -7/Scraptown | Visited Bundlers 2608 | -7/Scraptown | Visited Comm Corps 2756 | -7/Scraptown | Visited Cave Peace 2848 | -7/Scraptown | Visited UFD Registry 2864 | -7/Scraptown | Registered with UFD as "Smoothback" 2917 | -7/Scraptown | Visited SPCMW 3028 | -7/Scraptown | Visited Chapter 10 3169 | -7/Scraptown | Visited Abandonware Association 3198 | -7/Scraptown | Learned abandonware demo "HACKBUD.EXE" 3198 | -7/Scraptown | Learned abandonware demo "KABOOM.EXE" 3258 | -7/Scraptown | Visited Scrapoid Research Area 3366 | -7/Scraptown | Visited Scrapoid Pod Storage 3479 | -7/Scraptown | Visited Scrap Suit Storage 3563 | -7/Scraptown | Visited DA-N13 Charitable Foundation 3577 | -7/Scraptown | Found DCF Scrap (27 items) 3657 | -7/Scraptown | Visited Botcube Research 3681 | -7/Scraptown | Visited A0-MCA Data Center 3694 | -7/Scraptown | Given a B+ rating by A0-MCA 3702 | -7/Scraptown | Found A0-MCA's Component Scanner 3802 | -7/Scraptown | Visited Curators Association 3873 | -7/Scraptown | Met Optimus 3873 | -7/Scraptown | Accepted into 0bPrime 3980 | -7/Scraptown | Discovered new exit (range 5) 3986 | -7/Scraptown | Entered Factory 3986 | -5/Factory | Evolved 10 slots: Power x1, Propulsion x3, Utility x5, Weapon x1 4300 | -5/Factory | Build established: Derelict-Skirmisher 5068 | -5/Factory | Discovered new exit (range 8) 5533 | -5/Factory | Repaired Spk. Treads 5645 | -5/Factory | Discovered new exit (range 14) 5689 | -5/Factory | Entered Upper Caves 5702 | -5/Upper Caves | Attracted the attention of an 0b10 checkpoint 6002 | -5/Upper Caves | Encountered a Warlord checkpoint 6062 | -5/Upper Caves | Attracted the attention of an 0b10 base 6249 | -5/Upper Caves | Build established: Gunner 6386 | -5/Upper Caves | Discovered new exit (range 16) 6407 | -5/Upper Caves | Entered another Upper Caves area 6476 | -5/Upper Caves | Found Alien Artifact 6477 | -5/Upper Caves | Identified Dimensional Node Initializer 6477 | -5/Upper Caves | Initialized slip node 6557 | -5/Upper Caves | Discovered new exit (range 10) 6633 | -5/Upper Caves | Entered Factory 6633 | -4/Factory | Evolved 2 slots: Power x1, Utility x1 6862 | -4/Factory | Garrison activated, responded to threat 7251 | -4/Factory | Lost 5 parts (2p1n1u1w) 7536 | -4/Factory | Sucked down chute 7536 | -4/Factory | Entered Waste 7537 | -4/Waste | Met a frightened Derelict 7546 | -4/Waste | Lost 12 parts (3p3n3u3w) 7551 | -4/Waste | EMP discharged 7551 | -4/Waste | System corruption reached 10% 7557 | -4/Waste | Spotted C-40 Crusher 7582 | -4/Waste | Spotted C-40 Crusher 7587 | -4/Waste | Crushed by Compactor (1 part destroyed, 1 dropped) 7587 | -4/Waste | Spotted C-40 Crusher 7590 | -4/Waste | Crushed by Compactor (1 part destroyed, 1 dropped) 7608 | -4/Waste | Crushed by Compactor (1 part destroyed, 1 dropped) 7618 | -4/Waste | Crushed by Compactor (1 part destroyed, 1 dropped) 7618 | -4/Waste | Crushed by Compactor (1 part destroyed, 1 dropped) 7621 | -4/Waste | Spotted C-40 Crusher 7629 | -4/Waste | Crushed by Compactor (1 part destroyed, 2 dropped) 7629 | -4/Waste | Released all parts (5) 7631 | -4/Waste | Crushed by Compactor (1 part destroyed) 7644 | -4/Waste | Spotted C-40 Crusher 7651 | -4/Waste | EMP discharged 7662 | -4/Waste | Lost 7 parts (1p4n1u1w) 7697 | -4/Waste | Spotted C-40 Crusher 7705 | -4/Waste | Crushed by Compactor (1 part destroyed) 7710 | -4/Waste | Discovered new exit (range 15) 7747 | -4/Waste | Entered Factory 7904 | -4/Factory | Build established: Mutant 7991 | -4/Factory | Core integrity fell below 50% 8088 | -4/Factory | Found Prototype Hackware 8088 | -4/Factory | Identified Exp. Hacking Suite 8389 | -4/Factory | Core integrity fell below 20% 8402 | -4/Factory | Destroyed by S-27 Virus with Autogun Last Messages --------------- 08372_ Slug penetrates Wall. 08372_ Seismic Detector destroyed. 08373_ System corrupted: Matter fused (-9). 08375_ Lgt. Antimatter Reactor destroyed. 08376_ Slug penetrates Wall. 08380_ ALERT: Potential suspicious activity detected, Programmers report to Factory Zone 5K. 08381_ Acquired 130 matter. 08386_ Imp. Cloaking Device destroyed. 08388_ System corrupted: Energy discharge (-42). 08390_ Imp. Deuterium Engine destroyed. 08392_ Exp. Hacking Suite destroyed. 08392_ Impulse Thruster destroyed. 08392_ Slug penetrates Reinforced Barrier. 08392_ Penetrated by Slug. 08392_ Slug penetrates Wall. 08394_ Field Propulsion Array destroyed. 08394_ Slug penetrates Wall. 08400_ Acquired Lrn. Sensor Array. Map ----- +----------------------------------------------------+ | ?????????????????????????????????????????????????? | | ?????????????????????????????????????????????????? | | ?????????????????????????????????????????????????? | | ?????????????????????????????????????????????????? | | ?????????????????????????????????????????????????? | | ?????????????????????????????????????????????????? | | ?????????????????????????????????????????????????? | | ?????????????????????????????????????????????????? | | ?????????????????????????????????????????????????? | | ?????????????????????????????????????????????????? | | ???????????????????????? ???????????????????????? | | ???????????????????????# ????#??????????????????? | | ???????????????????????# ???? ]????????????????? | | ???????????????????????# ??? ]????????????????? | | ???????????????????????# """ ????? ???????????? | | ???????????????????????# """ ????? ???? ??????? | | ???????????????????????# """ ?????? ???? "?????? | | ???????????????????????# ?????? ???? ""????? | | ???????????????????????# ??????? """ R????? | | ??????????????????????? ??????? """ ""????? | | ???????????????????????? == ???????? """ "?????? | | ???????????????????????? == ???????? #?????? | | ????????????????????????? ???????? #?????? | | ????????????????????????? ?????????? #?????? | | ????????????????????######+#######???# #?????? | | ????????????????????# @ #???# #?????? | | ????????????????????+ !! #???# #?????? | | ????????????????????# !! ##### #?????? | | ????????????????????#! !! s/s #?????? | | ????????????????????# ##### #?????? | | ????????????????????# #???# ####### | | ????????????????????# #???# | | ????????????????????# """" """" #??## | | ????????????????????# """" """" #??# | | ????????????????????# """" """" #??#T | | ????????????????????# ?""" """" #??## | | ????????????????????#??? ? #???# ####### | | ????????????????????????####??####???# #?????? | | ??????????????????????????????????######/#######?? | | ??????????????????????????????????# #?? | | ??????????????????????????????????# """ """ # | | ??????????????????????????????????# """ """ # | | ??????????????????????????????????# """ """ # | | ??????????????????????????????????# #! | | ??????????????????????????????????# """ """ ### | | ??????????????????????????????????# """ """ # | | ??????????????????????????????????# """ """ # | | ??????????????????????????????????# # | | ??????????????????????????????????# # | | ??????????????????????????????????# [ # | +----------------------------------------------------+ Best States ------------- Heat Dissipation 93 Coolant Potential 100 Energy Generation 55 Energy Capacity 530 Matter Stores 300 Matter Capacity 300 Sight Range 16 Terrain Scan Range 16 Terrain Scan Density 210 Jamming Range 12 Cloak Strength 3 Armor Coverage 450 Resistance: TH 20 Weapon Shielding 66 Evasion (%) 74 Core Analysis 6 Recoil Reduction 6 Kinecelleration 40 Offensive Hacking 16 Item Schematics ----------------- None Robot Schematics ------------------ None Fabricated ------------ Nothing Repaired ---------- Lgt. Treads | 60% | -10/Materials Spk. Treads | 17% | -5/Factory Studied --------- KE Penetrator | -5/Factory | Hacked Alien Tech Used ----------------- Dimensional Node Initializer Achievements -------------- Civilization 2243 Fancy Inventory For Emergencies Only Link The Feds Live, Flee, And Rebuild Nice Directions, Buddy Challenges ------------ None Game ------ Seed ComponentSalvagingThrower Manual? 0 Play Time 02:00:56 Cumulative 139.8 hours Start 2026.01.17 @ 10:47:44 End 2026.01.17 @ 13:48:12 Sessions 1 Manual Loads 0 Difficulty Rogue Special Mode None Game No. 86 Rogue 86 Adventurer 0 Explorer 0 Win Type - Total 0 Types 0/0/0/0/0/0/0/0/0/0 Lore% 54 Gallery% 45 Achievement% 24 Wizard Run 0 Options --------- Layout 1 ASCII 0 Keyboard 0 Movement Numpad Keybinds 0 Fullscreen 1 Font 32/SmallcapsGlow Map View 50x35 Zoom Use 0% Tactical HUD 1 Map Filters NONE Filters NONE Steam 1 RUN: 851e2266-c357-458c-95ce-44a4589e9648